TOP OF THE 1ST |
Niagara Falls Frenzy batting - Pitching for El Dorado Oilers : RHP Jeffrey Stephens
|
Pitching: RHP Jeffrey Stephens
|
|
Batting: RHB Kel Pierce
|
0-0: Called Strike 0-1: Fly out, F6 (Line Drive, 6)
|
Batting: RHB Zander Tremblett
|
0-0: Ball 1-0: Foul Ball, location: 2F 1-1: Ball 2-1: SINGLE (Flyball, 78S) - OUT at second base trying to stretch hit.
|
Batting: RHB Troy Lau
|
0-0: Ball 1-0: Ball 2-0: Swinging Strike 2-1: Ball 3-1: Called Strike 3-2: Ground out U3 (Groundball, 3)
|
Top of the 1st over - 0 run(s), 1 hit(s), 0 error(s), 0 left on base; Niagara Falls 0 - El Dorado 0 |
BOTTOM OF THE 1ST |
El Dorado Oilers batting - Pitching for Niagara Falls Frenzy : RHP Blaine Yarbrough
|
Pitching: RHP Blaine Yarbrough
|
|
Batting: SHB Theron Harper
|
0-0: Called Strike 0-1: Ground out 6-3 (Groundball, 6)
|
Batting: LHB Ashley Pickhills
|
0-0: Fly out, F7 (Line Drive, 78M)
|
Batting: LHB Tony Abete
|
0-0: Foul Ball, location: 2F 0-1: Ball 1-1: DOUBLE (Line Drive, 89D)
|
Batting: RHB Valentín Borges
|
0-0: Ground out 4-3 (Groundball, 4)
|
Bottom of the 1st over - 0 run(s), 1 hit(s), 0 error(s), 1 left on base; Niagara Falls 0 - El Dorado 0 |
TOP OF THE 2ND |
Niagara Falls Frenzy batting - Pitching for El Dorado Oilers : RHP Jeffrey Stephens
|
Batting: LHB Clyde Yarbrough
|
0-0: Called Strike 0-1: Ball 1-1: Ball 2-1: Ground out U3 (Groundball, 34)
|
Batting: RHB Anastasio Villa
|
0-0: Ball 1-0: Ball 2-0: Called Strike 2-1: Ball 3-1: Swinging Strike 3-2: Strikes out swinging
|
Batting: LHB Yasuhiko Onodera
|
0-0: Ground out 4-3 (Groundball, 4)
|
Top of the 2nd over - 0 run(s), 0 hit(s), 0 error(s), 0 left on base; Niagara Falls 0 - El Dorado 0 |
BOTTOM OF THE 2ND |
El Dorado Oilers batting - Pitching for Niagara Falls Frenzy : RHP Blaine Yarbrough
|
Batting: LHB José Hernández
|
0-0: Ball 1-0: Foul Ball, location: 2F 1-1: Foul Ball, location: 2F 1-2: SINGLE (Groundball, 4MD)
|
Batting: RHB Sixto Vélez
|
0-0: Called Strike 0-1: Ball 1-1: Called Strike 1-2: Ball 2-2: Ball 3-2: Base on Balls José Hernández to second
|
Batting: RHB Chris Parker
|
0-0: Called Strike 0-1: Swinging Strike 0-2: Foul Ball, location: 2F 0-2: Foul Ball, location: 2F 0-2: Ball 1-2: Grounds into DOUBLE play, U5-4-3 1-2: Grounds into DOUBLE play, U5-4-3 (Groundball, 5L)
|
Batting: LHB José Martínez
|
0-0: Ball Chris Parker is caught stealing 2nd base
|
Bottom of the 2nd over - 0 run(s), 1 hit(s), 0 error(s), 0 left on base; Niagara Falls 0 - El Dorado 0 |
TOP OF THE 3RD |
Niagara Falls Frenzy batting - Pitching for El Dorado Oilers : RHP Jeffrey Stephens
|
Batting: SHB Héctor Padilla
|
0-0: Ball 1-0: DOUBLE (Line Drive, 9LM)
|
Batting: RHB Luther Stoffels
|
0-0: Ball 1-0: Called Strike 1-1: Foul Ball, location: 2F 1-2: Foul Ball, location: 2F 1-2: Strikes out looking
|
Batting: RHB Tomás Estrada
|
0-0: Called Strike Héctor Padilla is caught stealing 3rd base 0-1: SINGLE (Line Drive, 8RS)
|
Batting: RHB Kel Pierce
|
0-0: Called Strike Tomás Estrada steals 2nd base 0-1: Foul Ball, location: 2F 0-2: Ball 1-2: Ball 2-2: Ground out 4-3 (Groundball, 4MD)
|
Top of the 3rd over - 0 run(s), 2 hit(s), 0 error(s), 1 left on base; Niagara Falls 0 - El Dorado 0 |
BOTTOM OF THE 3RD |
El Dorado Oilers batting - Pitching for Niagara Falls Frenzy : RHP Blaine Yarbrough
|
Batting: LHB José Martínez
|
0-0: Fly out, F5 (Popup, 56)
|
Batting: RHB José Carlos Caraballo
|
0-0: SINGLE (Line Drive, 89S)
|
Batting: SHB Theron Harper
|
0-0: Fielders Choice at 2nd, 1-6 (Groundball, 13)
|
Batting: LHB Ashley Pickhills
|
0-0: Ball 1-0: Ball 2-0: Fielders Choice at 2nd, 6-4 (Groundball, 6)
|
Bottom of the 3rd over - 0 run(s), 1 hit(s), 0 error(s), 0 left on base; Niagara Falls 0 - El Dorado 0 |
TOP OF THE 4TH |
Niagara Falls Frenzy batting - Pitching for El Dorado Oilers : RHP Jeffrey Stephens
|
Batting: RHB Zander Tremblett
|
0-0: Called Strike 0-1: Foul Ball, location: 2F 0-2: Ball 1-2: Ground out 3-1 (Groundball, 34S)
|
Batting: RHB Troy Lau
|
0-0: Called Strike 0-1: Foul Ball, location: 2F 0-2: Strikes out looking
|
Batting: LHB Clyde Yarbrough
|
0-0: Foul Ball, location: 2F 0-1: Ball 1-1: Ball 2-1: Ball 3-1: Foul Ball, location: 2F 3-2: Foul Ball, location: 2F 3-2: Base on Balls
|
Batting: RHB Anastasio Villa
|
0-0: Called Strike 0-1: Ball 1-1: Ball 2-1: Called Strike 2-2: Ball 3-2: Strikes out looking
|
Top of the 4th over - 0 run(s), 0 hit(s), 0 error(s), 1 left on base; Niagara Falls 0 - El Dorado 0 |
BOTTOM OF THE 4TH |
El Dorado Oilers batting - Pitching for Niagara Falls Frenzy : RHP Blaine Yarbrough
|
Batting: LHB Tony Abete
|
0-0: Called Strike 0-1: Foul Ball, location: 2F 0-2: Foul Ball, location: 2F 0-2: Ball 1-2: Strikes out swinging
|
Batting: RHB Valentín Borges
|
0-0: Called Strike 0-1: Ball 1-1: SINGLE (Line Drive, 89M)
|
Batting: LHB José Hernández
|
0-0: Called Strike 0-1: Called Strike 0-2: Strikes out swinging
|
Batting: RHB Sixto Vélez
|
0-0: Swinging Strike 0-1: Ball 1-1: Fly out, F8 (Line Drive, 89M)
|
Bottom of the 4th over - 0 run(s), 1 hit(s), 0 error(s), 1 left on base; Niagara Falls 0 - El Dorado 0 |
TOP OF THE 5TH |
Niagara Falls Frenzy batting - Pitching for El Dorado Oilers : RHP Jeffrey Stephens
|
Batting: LHB Yasuhiko Onodera
|
0-0: Called Strike 0-1: Foul Ball, location: 2F 0-2: Ball 1-2: Foul Ball, location: 2F 1-2: Foul Ball, location: 2F 1-2: Ground out 4-3 (Groundball, 4)
|
Batting: SHB Héctor Padilla
|
0-0: Ball 1-0: Swinging Strike 1-1: Called Strike 1-2: Strikes out swinging
|
Batting: RHB Luther Stoffels
|
0-0: Ball 1-0: Fly out, F8 (Flyball, 89M)
|
Top of the 5th over - 0 run(s), 0 hit(s), 0 error(s), 0 left on base; Niagara Falls 0 - El Dorado 0 |
BOTTOM OF THE 5TH |
El Dorado Oilers batting - Pitching for Niagara Falls Frenzy : RHP Blaine Yarbrough
|
Batting: RHB Chris Parker
|
0-0: Called Strike 0-1: Ball 1-1: Ground out 3-1 (Groundball, 3D)
|
Batting: LHB José Martínez
|
0-0: Fly out, F9 (Line Drive, 9D)
|
Batting: RHB José Carlos Caraballo
|
0-0: Swinging Strike 0-1: Ball 1-1: Foul Ball, location: 2F 1-2: Fly out, F4 (Popup, 34D)
|
Bottom of the 5th over - 0 run(s), 0 hit(s), 0 error(s), 0 left on base; Niagara Falls 0 - El Dorado 0 |
TOP OF THE 6TH |
Niagara Falls Frenzy batting - Pitching for El Dorado Oilers : RHP Jeffrey Stephens
|
Batting: RHB Tomás Estrada
|
0-0: Ball 1-0: Called Strike 1-1: Ball 2-1: Ball 3-1: Ground out 5-3 (Groundball, 56)
|
Batting: RHB Kel Pierce
|
0-0: Ball 1-0: Ball 2-0: Ball 3-0: Base on Balls
|
Batting: RHB Zander Tremblett
|
0-0: Ball 1-0: Ball 2-0: Called Strike 2-1: Ball 3-1: Called Strike 3-2: DOUBLE (Flyball, 9LM) Kel Pierce to third Kel Pierce scores
|
Batting: RHB Troy Lau
|
0-0: Called Strike 0-1: 2-RUN HOME RUN (Flyball, 9D), Distance : 372 ft
|
Batting: LHB Clyde Yarbrough
|
0-0: Ground out U3 (Groundball, 34)
|
Batting: RHB Anastasio Villa
|
0-0: Ground out 5-3 (Groundball, 56)
|
Top of the 6th over - 3 run(s), 2 hit(s), 0 error(s), 0 left on base; Niagara Falls 3 - El Dorado 0 |
BOTTOM OF THE 6TH |
El Dorado Oilers batting - Pitching for Niagara Falls Frenzy : RHP Blaine Yarbrough
|
Batting: SHB Theron Harper
|
0-0: Ball 1-0: Ground out 4-3 (Groundball, 34)
|
Batting: LHB Ashley Pickhills
|
0-0: SINGLE (Groundball, 6D)
|
Batting: LHB Tony Abete
|
0-0: Ball 1-0: Foul Ball, location: 2F 1-1: SINGLE (Line Drive, 8LS) Ashley Pickhills to second
|
Batting: RHB Valentín Borges
|
0-0: Ball 1-0: Called Strike 1-1: Ground out 4-3 (Groundball, 4S) Ashley Pickhills to third Tony Abete to second
|
Batting: LHB José Hernández
|
0-0: Called Strike 0-1: Foul Ball, location: 2F 0-2: Fly out, F8 (Flyball, 8LM)
|
Bottom of the 6th over - 0 run(s), 2 hit(s), 0 error(s), 2 left on base; Niagara Falls 3 - El Dorado 0 |
TOP OF THE 7TH |
Niagara Falls Frenzy batting - Pitching for El Dorado Oilers : RHP Jeffrey Stephens
|
Batting: LHB Yasuhiko Onodera
|
0-0: Foul Ball, location: 2F 0-1: Swinging Strike 0-2: Ball 1-2: Ball 2-2: Foul Ball, location: 2F 2-2: Foul Ball, location: 2F 2-2: Strikes out swinging
|
Batting: SHB Héctor Padilla
|
0-0: Swinging Strike 0-1: Ground out U3 (Groundball, 3L)
|
Batting: RHB Luther Stoffels
|
0-0: Called Strike 0-1: Ball 1-1: Swinging Strike 1-2: Ground out 4-3 (Groundball, 4)
|
Top of the 7th over - 0 run(s), 0 hit(s), 0 error(s), 0 left on base; Niagara Falls 3 - El Dorado 0 |
BOTTOM OF THE 7TH |
El Dorado Oilers batting - Pitching for Niagara Falls Frenzy : RHP Blaine Yarbrough
|
Batting: RHB Sixto Vélez
|
0-0: Ball 1-0: Foul Ball, location: 2F 1-1: SINGLE (Groundball, 6D)
|
Batting: RHB Chris Parker
|
0-0: Foul Ball, location: 2F 0-1: Ball 1-1: Foul Ball, location: 2F 1-2: Foul Ball, location: 2F 1-2: Foul Ball, location: 2F 1-2: SINGLE (Groundball, 6MD) Sixto Vélez to second Runner from 2nd tries for 3rd, SAFE, throw made to third Chris Parker to second
|
Batting: LHB José Martínez
|
0-0: Swinging Strike 0-1: Called Strike 0-2: Foul Ball, location: 2F 0-2: Ball 1-2: Foul Ball, location: 2F 1-2: Ball 2-2: Fly out, F8 (Flyball, 8RS) Runner from 3rd tags up, SCORES, no throw
|
Batting: RHB José Carlos Caraballo
|
0-0: Ball Chris Parker steals 3rd base 1-0: Called Strike 1-1: Called Strike 1-2: Foul Ball, location: 2F 1-2: Strikes out swinging
|
Batting: SHB Theron Harper
|
0-0: Ball 1-0: Called Strike 1-1: DOUBLE (Line Drive, 8RXD) Chris Parker scores
|
Batting: LHB Ashley Pickhills
|
0-0: Foul Ball, location: 2F 0-1: Foul Ball, location: 2F 0-2: Ball 1-2: Ball 2-2: Foul Ball, location: 2F 2-2: Ball 3-2: Foul Ball, location: 2F 3-2: SINGLE (Groundball, 34D) Theron Harper to third Theron Harper scores
|
Batting: LHB Tony Abete
|
0-0: DOUBLE (Flyball, 8RXD) Ashley Pickhills to third Runner from 3rd tries for Home, SAFE, no throw
|
Batting: RHB Valentín Borges
|
0-0: Called Strike 0-1: Called Strike 0-2: Ball 1-2: Strikes out swinging
|
Bottom of the 7th over - 4 run(s), 5 hit(s), 0 error(s), 1 left on base; Niagara Falls 3 - El Dorado 4 |
TOP OF THE 8TH |
Niagara Falls Frenzy batting - Pitching for El Dorado Oilers : RHP Jeffrey Stephens
|
Pitching: RHP Rick Grant
|
|
Batting: RHB Tomás Estrada
|
0-0: Foul Ball, location: 2F 0-1: Foul Ball, location: 2F 0-2: SINGLE (Groundball, 56D)
|
Batting: RHB Kel Pierce
|
0-0: Sac Bunt - play at first, batter safe! Tomás Estrada to second
|
Batting: RHB Zander Tremblett
|
0-0: Bunted foul 0-1: Bunted foul 0-2: Ball 1-2: Strikes out swinging
|
Batting: RHB Troy Lau
|
0-0: Ball 1-0: Ball 2-0: Called Strike 2-1: Foul Ball, location: 2F 2-2: Grounds into double play, 6-4-3 (Groundball, 6)
|
Top of the 8th over - 0 run(s), 2 hit(s), 0 error(s), 1 left on base; Niagara Falls 3 - El Dorado 4 |
BOTTOM OF THE 8TH |
El Dorado Oilers batting - Pitching for Niagara Falls Frenzy : RHP Blaine Yarbrough
|
Pitching: RHP Kimitada Takai
|
|
Batting: LHB José Hernández
|
0-0: Ball 1-0: Called Strike 1-1: Ball 2-1: Called Strike 2-2: Ball 3-2: Foul Ball, location: 2F 3-2: DOUBLE (Flyball, 78D)
|
Batting: RHB Sixto Vélez
|
0-0: Intentional Walk
|
Batting: RHB Chris Parker
|
0-0: Sac Bunt - play at first, batter OUT! 5-4 José Hernández to third Sixto Vélez to second
|
Batting: LHB José Martínez
|
0-0: Fly out, F7 (Flyball, 78M) Runner from 3rd tags up, SCORES, throw made
|
Batting: RHB José Carlos Caraballo
|
0-0: Foul Ball, location: 2F 0-1: Fly out, F9 (Flyball, 9)
|
Bottom of the 8th over - 1 run(s), 1 hit(s), 0 error(s), 1 left on base; Niagara Falls 3 - El Dorado 5 |
TOP OF THE 9TH |
Niagara Falls Frenzy batting - Pitching for El Dorado Oilers : RHP Rick Grant
|
Pitching: RHP Craig Draper
|
|
Batting: LHB Clyde Yarbrough
|
0-0: Foul Ball, location: 2F 0-1: Foul Ball, location: 2F 0-2: Fly out, F7 (Line Drive, 78M)
|
Batting: RHB Anastasio Villa
|
0-0: SINGLE (Groundball, 6MS) (infield hit)
|
Batting: LHB Yasuhiko Onodera
|
0-0: Ground out 4-3 (Groundball, 4S) Anastasio Villa to second
|
Batting: SHB Héctor Padilla
|
0-0: Foul Ball, location: 2F 0-1: Ground out U3 (Groundball, 34S)
|
Top of the 9th over - 0 run(s), 1 hit(s), 0 error(s), 1 left on base; Niagara Falls 3 - El Dorado 5 |
|